 Dungeon Crawl Stone Soup version 0.26-a0-800-g517d6fe721 (webtiles) character file.

Game seed: 15869590550645601614

111 mhtbhm the Shield-Bearer (level 4, -1/29 HPs)
             Began as a Gargoyle Fighter on Nov 11, 2020.
             Killed by divine providence
             ... invoked by an orc priest
              (12 damage)
             ... on level 3 of the Dungeon.
             The game lasted 00:02:35 (2483 turns).

mhtbhm the Shield-Bearer (Gargoyle Fighter)         Turns: 2483, Time: 00:02:36

Health: -1/29      AC: 10    Str: 26    XL:     4   Next: 92%
Magic:  4/4        EV: 12    Int:  9    God:
Gold:   62         SH: 10    Dex:  9    Spells: 3/3 levels left

rFire    . . .     SeeInvis .   a - +0 flail
rCold    . . .     Faith    .   c - +0 kite shield
rNeg     + . .     Spirit   .   b - +0 scale mail
rPois    ∞         Reflect  .   (no helmet)
rElec    +         Harm     .   (no cloak)
rCorr    .         Rampage  .   (no gloves)
MR       .....                  (no boots)
Stlth    ..........             (no amulet)
HPRegen  0.09/turn              l - +6 ring of strength
MPRegen  0.09/turn              i - +4 ring of evasion

@: no status effects
A: negative energy resistance 1, electricity resistance, unbreathing,
petrification resistance, rot immunity, AC +3
a: no special abilities


You were on level 3 of the Dungeon.
You visited 1 branch of the dungeon, and saw 3 of its levels.

You collected 62 gold pieces.

Inventory:

Hand Weapons
 a - a +0 flail (weapon)
Armour
 b - a +0 scale mail (worn)
 c - a +0 kite shield (worn)
Jewellery
 i - a +4 ring of evasion (right hand)
 l - a +6 ring of strength (left hand)
Scrolls
 e - a scroll of enchant weapon {unknown}
 g - 2 scrolls of fog {unknown}
 j - 2 scrolls of remove curse {unknown}
 q - a scroll of teleportation {unknown}
Potions
 d - 3 potions of might
 f - a potion of flight {unknown}
 h - a potion of degeneration {unknown}
 k - a potion of ambrosia {unknown}
 m - 2 potions of curing
 n - a potion of heal wounds {unknown}
 o - a potion of lignification {unknown}
 p - a potion of cancellation {unknown}


   Skills:
 + Level 3.9 Fighting
 + Level 3.3 Maces & Flails
 + Level 3.7 Armour
 + Level 0.6 Dodging
 + Level 4.0 Shields


You had 3 spell levels left.
You didn't know any spells.
Your spell library was empty.

Dungeon Overview and Level Annotations

Branches:
Dungeon (3/15)

Altars:
Dithmenos
Elyvilon
Fedhas


Innate Abilities, Weirdness & Mutations

You are resistant to torment.
Your stone body is resilient. (AC +3)
You are immune to poison.
You resist negative energy. (rN+)
You are resistant to electric shocks. (rElec)
You can survive without breathing.
You are immune to petrification.
You are immune to rotting.


Message History

You kill the bat!
You barely miss the orc priest.
The orc priest begins to cast a cantrip, but forgets the words!
The orc priest hits you with a +0 short sword.
You barely miss the orc priest.
The orc priest looks braver for a moment.
You barely miss the orc priest. The orc priest closely misses you.
Your shield and scale mail prevent you from hitting the orc priest.
The orc priest mumbles some strange prayers to Beogh against you.
Beogh smites you!
Ouch! That really hurt!
The orc priest invokes the aid of Beogh against you.
Beogh smites you!
* * * LOW HITPOINT WARNING * * *
Okay, then.
It was a potion of curing.
You feel better. You block the orc priest's attack.
Your scale mail prevents you from hitting the orc priest.
The orc priest invokes the aid of Beogh against you.
Beogh smites you!
You die...

#. #. #. #.
################.
#.......#.......o
##(..###.#.#####.#
######.###.##.#.#####.#
#.....@# #...b.....##.#
#.#.###o###.##.#.......#
##...###.#.##.##.#
#.......#.......#
#########.......#
.....#.......#
.............#
.....#.......#
..............


You could see an orc priest.

Vanquished Creatures
  An orc priest (D:3)
  An adder (D:2)
  A worm (D:2)
  3 dart slugs
  A leopard gecko (D:2)
  5 orcs (D:3)
  A ball python (D:2)
  5 bats
  4 giant cockroaches
  5 goblins
  5 hobgoblins
  7 jackals (D:1)
  4 frilled lizards
  6 kobolds
  5 rats
54 creatures vanquished.

Vanquished Creatures (others)
  A plant (D:3)
1 creature vanquished.

Grand Total: 55 creatures vanquished

Notes
Turn   | Place    | Note
-------+----------+-------------------------------------------
     0 | D:1      | mhtbhm the Gargoyle Fighter began the quest for the Orb.
     0 | D:1      | Reached XP level 1. HP: 14/14 MP: 1/1
   127 | D:1      | Reached XP level 2. HP: 3/19 MP: 2/2
   841 | D:1      | Reached XP level 3. HP: 21/24 MP: 3/3
  1525 | D:2      | Reached XP level 4. HP: 29/29 MP: 4/4
  1786 | D:3      | Found a shadowy altar of Dithmenos.
  1952 | D:3      | Found a blossoming altar of Fedhas.
  1957 | D:3      | Found a white marble altar of Elyvilon.
  1983 | D:3      | Reached skill level 4 in Shields
  2481 | D:3      | HP: 1/29 [orc priest/divine providence (11)]
  2483 | D:3      | Killed from afar by an orc priest

Illustrated notes

Levels and vault maps discovered:
D:1:      minmay_arrival_loop, layout_loops_ring
D:2:      layout_rooms
D:3:      layout_loops_cross, nicolae_dithmenos_shadow_blocks, fedhas_altar_1,
          grunt_temple_overflow_open

Skill      XL: |  1  2  3  4 |
---------------+-------------+-----
Maces & Flails | 3 |  3.3
Shields        | 4 |  4.0
Fighting       | |  3.9
Armour         | |  3.7
Dodging        | |  0.6

Action                   |  1- 3 |  4- 6 || total
-------------------------+-------+-------++-------
Melee: Flail             |   144 |    70 ||   214
  Use: Potion            |       |     2 ||     2
Armor: Scale mail        |    89 |    41 ||   130
Dodge: Dodged            |    40 |    54 ||    94
Block: Kite shield       |    75 |    58 ||   133

Table legend: (Time is in decaauts)
 A = Elapsed time spent in this place.
 B = Non-inter-level travel time spent in this place.
 C = Inter-level travel time spent in this place.
 D = Time resting spent in this place.
 E = Time spent auto-exploring this place.
 F = Levels seen in this place.
 G = Mean time per level.
                   A        B        C        D        E       F      G
               +--------+--------+--------+--------+--------+-----+--------+
         Total |   2565 |   2505 |     60 |    974 |    986 |   3 |  855.0 |
       Dungeon |   2565 |   2505 |     60 |    974 |    986 |   3 |  855.0 |
               +--------+--------+--------+--------+--------+-----+--------+

Top non-repeatable levels by time:
     D:1: 1261 daAuts
     D:2: 964 daAuts
     D:3: 340 daAuts
